 Dungeon Crawl Stone Soup version 0.29-a0-824-gd827844252 (webtiles) character file.

Game seed: 7322230054129300834

4222 greasedhog the Blocker (level 10, -15/82 HPs)
             Began as a Gnoll Fighter on July 10, 2022.
             Demolished by a two-headed ogre
             ... wielding a +0 giant club
              (22 damage)
             ... on level 8 of the Dungeon on July 11, 2022.
             The game lasted 00:23:33 (8209 turns).

greasedhog the Blocker (Gnoll Fighter)              Turns: 8209, Time: 00:23:34

Health: -15/82     AC: 13    Str: 17    XL:     10   Next: 30%
Magic:  18/18      EV: 12    Int:  8    God:
Gold:   305        SH: 11    Dex: 14    Spells: 19/19 levels left

rFire   . . .      SeeInvis .   K - +2 long sword (elec)
rCold   + . .      Faith    .   p - +0 kite shield
rNeg    . . .      Spirit   .   G - +0 steam dragon scales
rPois   .          Reflect  .   x - +0 helmet
rElec   .          Harm     .   I - +0 cloak
rCorr   .          Rampage  .   r - +2 pair of gloves
Will    .....                   (no boots)
Stlth   +++.......              (no amulet)
HPRegen 0.23/turn               (no ring)
MPRegen 0.16/turn               D - ring of protection from cold

@: unable to drink
A: fangs 1, strong nose, distributed training, inability to drink while
threatened 2
a: no special abilities


You were on level 8 of the Dungeon.
You visited 2 branches of the dungeon, and saw 9 of its levels.
You also visited: Sewer.

You collected 440 gold pieces.
You spent 135 gold pieces at shops.

Inventory:

Hand Weapons
 b - a +0 sling
 c - a +2 whip of freezing
 q - a +2 vorpal spear
 K - a +2 long sword of electrocution (weapon)
 N - a +1 dagger of venom
Missiles
 y - 6 atropa-tipped darts (quivered)
 z - 2 throwing nets
Armour
 o - a +0 leather armour
 p - a +0 kite shield (worn)
 r - a +2 pair of gloves (worn)
 v - +0 swamp dragon scales
 x - a +0 helmet (worn)
 G - +0 steam dragon scales (worn)
 I - a +0 cloak (worn)
Jewellery
 w - a ring of ice
 A - a ring of fire
 D - a ring of protection from cold (right hand)
Wands
 a - a wand of iceblast (2)
 g - a wand of quicksilver (7)
 L - a wand of flame (3)
 O - a wand of polymorph (8)
Scrolls
 i - 2 scrolls of magic mapping {unknown}
 k - 2 scrolls of vulnerability
 m - 3 scrolls of teleportation
 u - 3 scrolls of amnesia
 B - 2 scrolls of enchant weapon
 E - a scroll of fog
 F - a scroll of poison {unknown}
 H - a scroll of immolation
 J - a scroll of enchant armour
 M - 2 scrolls of blinking
 P - 3 scrolls of fear {unknown}
Potions
 d - a potion of might
 e - 2 potions of brilliance
 f - 2 potions of flight
 h - a potion of degeneration {unknown}
 j - a potion of haste {unknown}
 l - 6 potions of curing {unknown}
 n - 5 potions of heal wounds {unknown}
 s - a potion of magic {unknown}
 t - a potion of lignification {unknown}
 C - a potion of attraction {unknown}


   Skills:
 + Level 8.5 Fighting
 + Level 5.3 Short Blades
 + Level 7.1 Long Blades
 + Level 5.3 Axes
 + Level 5.3 Maces & Flails
 + Level 5.3 Polearms
 + Level 5.3 Staves
 + Level 5.3 Ranged Weapons
 + Level 5.3 Throwing
 + Level 8.5 Armour
 + Level 5.3 Dodging
 + Level 5.3 Stealth
 + Level 8.5 Shields
 + Level 5.3 Unarmed Combat
 + Level 5.3 Spellcasting
 + Level 4.4 Conjurations
 + Level 4.4 Hexes
 + Level 4.4 Summonings
 + Level 4.4 Necromancy
 + Level 4.4 Translocations
 + Level 4.4 Transmutations
 + Level 4.4 Fire Magic
 + Level 4.4 Ice Magic
 + Level 4.4 Air Magic
 + Level 4.4 Earth Magic
 + Level 4.4 Poison Magic
 + Level 5.9 Invocations
 + Level 5.3 Evocations


You had 19 spell levels left.
You didn't know any spells.
Your spell library contained the following spells:

 Spells                   Type           Power      Damage    Failure   Level
 Magic Dart               Conj           36%        1d4       10%         1
 Sandblast                Erth           18%        2d7       10%         1
 Call Imp                 Summ           9%         N/A       16%         2
 Passwall                 Tmut/Erth      7%         N/A       16%         2
 Sublimation of Blood     Necr           9%         N/A       16%         2
 Gell's Gravitas          Tloc           9%         N/A       30%         3
 Lesser Beckoning         Tloc           9%         N/A       30%         3
 Mephitic Cloud           Conj/Pois/Air  9%         N/A       30%         3
 Stone Arrow              Conj/Erth      18%        3d8       30%         3
 Teleport Other           Tloc           9%         N/A       30%         3
 Petrify                  Tmut/Erth      9%         N/A       69%         4
 Irradiate                Conj/Tmut      4%         3d14      95%         5


Dungeon Overview and Level Annotations

Branches:
Dungeon (8/15)             Temple (1/1) D:6           Sewer (visited)
   Lair: D:8-11

Altars:
Ashenzari
Cheibriados
Dithmenos
Elyvilon
Gozag
Hepliaklqana
Kikubaaqudgha
Makhleb
Nemelex Xobeh
Ru
Sif Muna
Trog
Vehumet
Wu Jian
Xom
Yredelemnul
Zin
The Shining One

Shops:
D:5 [

Annotations:
D:7 2 runed translucent doors, zhov's ghost, novice MiAK


Innate Abilities, Weirdness & Mutations

You have very sharp teeth.
Your uncanny sense of smell can sniff out nearby items.
Your experience applies equally to all skills.
You sometimes lose the ability to drink potions when taking damage.


Message History

The iceblast engulfs the two-headed ogre!
The two-headed ogre is heavily wounded.
The iceblast engulfs the steam dragon!
You kill the steam dragon!
You hear a shout!
Your life force feels restored.
Aiming: Polymorph
Press: ? - help, Shift-Dir - straight line, f/p - two-headed ogre
Aim: a two-headed ogre, wielding a +0 giant club and a +0 giant spiked club (heavily wounded, will become a torpor snail, a glowing orange brain, or a snapping turtle, chance to affect: 45%)
Okay, then.
Aiming: Throw Flame
Press: ? - help, Shift-Dir - straight line, f/p - two-headed ogre
Aim: a two-headed ogre, wielding a +0 giant club and a +0 giant spiked club (heavily wounded, 88% to hit)
The puff of flame hits the two-headed ogre.
The two-headed ogre is heavily wounded.
You hear the crackle of electricity.
K - a +2 long sword of electrocution (weapon)
You slash the two-headed ogre!
The two-headed ogre is severely wounded.
The two-headed ogre barely misses you. x2
You completely miss the two-headed ogre.
Your bite misses the two-headed ogre.
The two-headed ogre is severely wounded.
The two-headed ogre hits you with a +0 giant club!!
The two-headed ogre hits you with a +0 giant spiked club!!
You feel threatened and lose the ability to drink potions!
You hit the two-headed ogre.
The two-headed ogre is severely wounded.
You hit the two-headed ogre.
You bite the two-headed ogre, but do no damage.
The two-headed ogre is almost dead.
The two-headed ogre hits you with a +0 giant club.
The two-headed ogre hits you with a +0 giant spiked club!!
* * * LOW HITPOINT WARNING * * *
You barely miss the two-headed ogre.
The two-headed ogre is almost dead.
The two-headed ogre hits you with a +0 giant club.
* * * LOW HITPOINT WARNING * * *
The two-headed ogre hits you with a +0 giant spiked club!!
You die...

##...#.............###
............_..♣♣....#
####.#..##.....♣♣..#.#
.....#..##.........#.#
....#.#.....≈≈....#..#
......#.....≈≈....#.#
....................#
.......O##.....##).##
...............#@#.######.#####
...............##....# #...#..#
................#.....###.....#
................#...#.#...##..#
..........................##..#
................#...##........# #
................##..##.#......#.#
............# #.....####..>...
....##.####.### #.##..#..#......


You could see a two-headed ogre.

Vanquished Creatures
  A two-headed ogre (D:8)
  Pikel (D:6)
  2 steam dragons
  A water moccasin (D:6)
  An orc warrior (D:8)
  2 ice beasts
  A sky beast (D:6)
  A black bear (D:7)
  3 ogres
  A centaur (D:5)
  3 kobold brigands
  4 scorpions
  5 bullfrogs
  2 necrophages
  5 wights (D:8)
  6 killer bees (D:7)
  A howler monkey (D:4)
  An orc priest (D:7)
  2 jellies
  2 iguanas
  5 orc wizards
  3 gnolls
  13 adders
  3 river rats (D:6)
  3 shadow imps
  A white imp (D:6)
  6 worms
  A dart slug (D:1)
  9 orcs
  2 bats (D:2)
  8 endoplasms
  6 giant cockroaches
  9 goblins
  9 hobgoblins
  4 jackals (D:1)
  23 kobolds
  12 quokkas
  12 ball pythons
  12 frilled lizards
  14 rats
200 creatures vanquished.

Notes
Turn   | Place    | Note
-------+----------+-------------------------------------------
     0 | D:1      | greasedhog the Gnoll Fighter began the quest for the Orb.
     0 | D:1      | Reached XP level 1. HP: 23/23 MP: 1/1
   254 | D:1      | Reached XP level 2. HP: 29/29 MP: 2/2
   567 | D:1      | Found a faded altar of an unknown god.
   579 | D:1      | Reached XP level 3. HP: 35/35 MP: 3/3
  1152 | D:1      | Reached skill level 1 in Invocations
  1263 | D:2      | Reached skill level 1 in Short Blades
  1263 | D:2      | Reached skill level 1 in Axes
  1263 | D:2      | Reached skill level 1 in Maces & Flails
  1263 | D:2      | Reached skill level 1 in Polearms
  1263 | D:2      | Reached skill level 1 in Staves
  1263 | D:2      | Reached skill level 1 in Ranged Weapons
  1263 | D:2      | Reached skill level 1 in Throwing
  1263 | D:2      | Reached skill level 1 in Dodging
  1263 | D:2      | Reached skill level 1 in Stealth
  1263 | D:2      | Reached skill level 1 in Unarmed Combat
  1263 | D:2      | Reached skill level 1 in Spellcasting
  1263 | D:2      | Reached skill level 1 in Evocations
  1287 | D:2      | Reached XP level 4. HP: 39/41 MP: 5/5
  1485 | D:2      | Reached skill level 1 in Conjurations
  1485 | D:2      | Reached skill level 1 in Hexes
  1485 | D:2      | Reached skill level 1 in Summonings
  1485 | D:2      | Reached skill level 1 in Necromancy
  1485 | D:2      | Reached skill level 1 in Translocations
  1485 | D:2      | Reached skill level 1 in Transmutations
  1485 | D:2      | Reached skill level 1 in Fire Magic
  1485 | D:2      | Reached skill level 1 in Ice Magic
  1485 | D:2      | Reached skill level 1 in Air Magic
  1485 | D:2      | Reached skill level 1 in Earth Magic
  1485 | D:2      | Reached skill level 1 in Poison Magic
  1644 | D:2      | Found a glowing silver altar of Zin.
  2102 | D:3      | Found a glowing silver altar of Zin.
  2166 | D:3      | Found a sacrificial altar of Ru.
  2266 | D:3      | Reached XP level 5. HP: 47/47 MP: 7/7
  2878 | D:4      | Reached XP level 6. HP: 49/53 MP: 8/8
  2957 | D:4      | Reached skill level 5 in Long Blades
  3112 | D:4      | HP: 2/53 [ogre/+0 giant club (24)]
  3563 | D:5      | Entered Level 5 of the Dungeon
  3589 | D:5      | Noticed an ice beast
  3602 | D:5      | Killed an ice beast
  3603 | D:5      | Reached XP level 7. HP: 54/60 MP: 10/10
  3978 | D:5      | Reached XP level 8. HP: 67/67 MP: 12/12
  4233 | D:5      | Found Oselello's Antique Armour Boutique.
  4266 | D:5      | Bought a cloak for 135 gold pieces
  4314 | D:5      | Found a glowing golden altar of the Shining One.
  4314 | D:5      | Found a snail-covered altar of Cheibriados.
  4318 | D:5      | Found a broken altar of Ashenzari.
  4392 | D:5      | Noticed a moth of wrath
  4395 | D:5      | Found a bloodstained altar of Trog.
  4413 | D:5      | Found the +7 staff of the Meek {protect, meekguard}
  4871 | D:6      | Noticed Pikel
  4892 | D:6      | Killed Pikel
  4893 | D:6      | Reached XP level 9. HP: 64/74 MP: 13/15
  4984 | D:6      | Found a glowing drain.
  4992 | Sewer    | Entered a sewer
  5347 | Sewer    | Gained mutation: You have extremely sharp teeth. [potion of
                  | mutation]
  5347 | Sewer    | Gained mutation: You are frail. (-10% HP) [potion of
                  | mutation]
  5347 | Sewer    | Gained mutation: You possess an exceptional clarity of
                  | mind. [potion of mutation]
  5348 | Sewer    | Lost mutation: You are frail. (-10% HP) [potion of
                  | mutation]
  5348 | Sewer    | Lost mutation: You possess an exceptional clarity of mind.
                  | [potion of mutation]
  5348 | Sewer    | Gained mutation: You are agile. (Dex +4, Str/Int -1)
                  | [potion of mutation]
  5348 | Sewer    | Lost mutation: You are agile. (Dex +4, Str/Int -1) [potion
                  | of mutation]
  5349 | Sewer    | Lost mutation: You have extremely sharp teeth. [potion of
                  | mutation]
  5349 | Sewer    | Gained mutation: Your flesh is heat resistant. (rF+)
                  | [potion of mutation]
  5349 | Sewer    | Gained mutation: You are weak. (Str -2) [potion of
                  | mutation]
  5349 | Sewer    | Gained mutation: You are partially covered in iridescent
                  | scales. (AC +2) [potion of mutation]
  5349 | Sewer    | Gained mutation: You have a pair of small horns on your
                  | head. [potion of mutation]
  5487 | D:6      | Found a white marble altar of Elyvilon.
  5597 | D:6      | Found a staircase to the Ecumenical Temple.
  5608 | Temple   | Entered the Ecumenical Temple
  5706 | D:6      | Found a radiant altar of Vehumet.
  6642 | D:7      | Reached skill level 5 in Invocations
  6897 | D:7      | Found a large runed translucent door.
  6897 | D:7      | Found a large runed translucent door.
  6924 | D:7      | Noticed zhov's ghost (novice MiAK)
  6949 | D:7      | Lost mutation: You are partially covered in iridescent
                  | scales. (AC +2) [potion of mutation]
  6949 | D:7      | Lost mutation: Your flesh is heat resistant. (rF+) [potion
                  | of mutation]
  6949 | D:7      | Lost mutation: You have a pair of small horns on your head.
                  | [potion of mutation]
  6949 | D:7      | Gained mutation: You occasionally lose the ability to drink
                  | potions when taking damage. [potion of mutation]
  6949 | D:7      | Gained mutation: You sometimes lose the ability to drink
                  | potions when taking damage. [potion of mutation]
  6949 | D:7      | Lost mutation: You are weak. (Str -2) [potion of mutation]
  7842 | D:8      | Noticed a two-headed ogre
  7854 | D:8      | Killed a two-headed ogre
  7855 | D:8      | Reached skill level 5 in Short Blades
  7855 | D:8      | Reached skill level 5 in Axes
  7855 | D:8      | Reached skill level 5 in Maces & Flails
  7855 | D:8      | Reached skill level 5 in Polearms
  7855 | D:8      | Reached skill level 5 in Staves
  7855 | D:8      | Reached skill level 5 in Ranged Weapons
  7855 | D:8      | Reached skill level 5 in Throwing
  7855 | D:8      | Reached skill level 5 in Dodging
  7855 | D:8      | Reached skill level 5 in Stealth
  7855 | D:8      | Reached skill level 5 in Unarmed Combat
  7855 | D:8      | Reached skill level 5 in Spellcasting
  7855 | D:8      | Reached skill level 5 in Evocations
  7855 | D:8      | Reached XP level 10. HP: 40/82 MP: 17/17
  8060 | D:8      | Found an ornate altar of the Wu Jian Council.
  8190 | D:8      | Noticed a two-headed ogre
  8209 | D:8      | Demolished by a two-headed ogre

Illustrated notes

Levels and vault maps discovered:
D:1:      minmay_arrival_widening_spiral_wide, layout_loops_ring,
          dreamdust_ecumenical_altar_statues
D:2:      layout_rooms, basic_altar, kennysheep_generic_room_12
D:3:      layout_loops_ring, mainiacjoe_overflow_catch_the_wave,
          kennysheep_generic_room_2
D:4:      layout_basic
D:5:      layout_rooms, minitemple, tgw_trog, serial_shops, shop_fountains,
          grunt_ministairs_3
D:6:      layout_layer_cave, elyvilon_altar_4, vehumet_crystals,
          minmay_temple_entry_crystal_x, lightli_sewer_entry_pipes, uniq_pikel
D:7:      layout_gridville, ebering_ghost_disaster_area
D:8:      layout_cave_pools, okawaru_gym_becter, nicolae_wu_jian_wuxing_cycle,
          uniq_maurice
Temple:   dpeg_three_leaves_temple

Skill      XL: |  1  2  3  4  5  6  7  8  9 |
---------------+----------------------------+-----
Invocations    | 1 2 3 4 5 |  5.9
Short Blades   | 1 2 3 4 5 |  5.3
Axes           | 1 2 3 4 5 |  5.3
Maces & Flails | 1 2 3 4 5 |  5.3
Polearms       | 1 2 3 4 5 |  5.3
Staves         | 1 2 3 4 5 |  5.3
Ranged Weapons | 1 2 3 4 5 |  5.3
Throwing       | 1 2 3 4 5 |  5.3
Dodging        | 1 2 3 4 5 |  5.3
Stealth        | 1 2 3 4 5 |  5.3
Unarmed Combat | 1 2 3 4 5 |  5.3
Spellcasting   | 1 2 3 4 5 |  5.3
Evocations     | 1 2 3 4 5 |  5.3
Conjurations   | 1 2 3 4 |  4.4
Hexes          | 1 2 3 4 |  4.4
Summonings     | 1 2 3 4 |  4.4
Necromancy     | 1 2 3 4 |  4.4
Translocations | 1 2 3 4 |  4.4
Transmutations | 1 2 3 4 |  4.4
Fire Magic     | 1 2 3 4 |  4.4
Ice Magic      | 1 2 3 4 |  4.4
Air Magic      | 1 2 3 4 |  4.4
Earth Magic    | 1 2 3 4 |  4.4
Poison Magic   | 1 2 3 4 |  4.4
Long Blades    | 5 6 7 |  7.1
Fighting       | 7 8 |  8.5
Armour         | 7 8 |  8.5
Shields        | 7 8 |  8.5

Action                   |  1- 3 |  4- 6 |  7- 9 | 10-12 || total
-------------------------+-------+-------+-------+-------++-------
Melee: Long sword        |     6 |       |   228 |    18 ||   252
       Whip              |    64 |    11 |    47 |       ||   122
       Bite              |     4 |    14 |    20 |     3 ||    41
       Spear             |       |   115 |    20 |       ||   135
       Headbutt          |       |       |    10 |       ||    10
 Fire: Sling             |    11 |    49 |   158 |     8 ||   226
Evoke: Wand              |       |       |     4 |     3 ||     7
  Use: Scroll            |     1 |     5 |     2 |       ||     8
       Potion            |       |       |     6 |       ||     6
Armor: Scale mail        |    27 |    26 |       |       ||    53
       Swamp dragon scal |       |    33 |   184 |     1 ||   218
Dodge: Dodged            |    29 |    65 |   187 |     4 ||   285
Block: Buckler           |    17 |    39 |    64 |       ||   120
       Kite shield       |       |       |    90 |     7 ||    97

Table legend: (Time is in decaauts)
 A = Elapsed time spent in this place.
 B = Non-inter-level travel time spent in this place.
 C = Inter-level travel time spent in this place.
 D = Time resting spent in this place.
 E = Time spent auto-exploring this place.
 F = Levels seen in this place.
 G = Mean time per level.
                   A        B        C        D        E       F      G
               +--------+--------+--------+--------+--------+-----+--------+
         Total |   8409 |   8112 |    297 |    187 |   6049 |  10 |  840.9 |
       Dungeon |   7869 |   7585 |    284 |    187 |   5750 |   8 |  983.6 |
        Temple |     80 |     67 |     13 |      0 |     58 |   1 |   80.0 |
         Sewer |    459 |    459 |      0 |      0 |    240 |   1 |  459.0 |
               +--------+--------+--------+--------+--------+-----+--------+

Top non-repeatable levels by time:
     D:7: 1513 daAuts
     D:1: 1352 daAuts
     D:6: 1318 daAuts
     D:5: 964 daAuts
     D:4: 836 daAuts
     D:3: 774 daAuts
     D:2: 631 daAuts
     D:8: 478 daAuts
   Sewer: 459 daAuts
  Temple: 80 daAuts
